[gd_scene load_steps=19 format=3 uid="uid://cjgemd3664xlv"]

[ext_resource type="Script" path="res://GodotWorld/BettingScene/View/BettingScene.cs" id="1"]
[ext_resource type="Texture2D" uid="uid://bedfm8lsnd0p" path="res://Assets/Background.png" id="2_7raso"]
[ext_resource type="Texture2D" uid="uid://cd8e68c7l0qt8" path="res://Assets/UI/btn_arrow.png" id="2_heayx"]
[ext_resource type="Script" path="res://GodotWorld/BettingScene/View/MessageBox.cs" id="3"]
[ext_resource type="StyleBox" uid="uid://cm3dxegi3wdxl" path="res://Assets/sbt_btn_02.tres" id="3_qkpve"]
[ext_resource type="StyleBox" uid="uid://b7s6iyxxf45xh" path="res://Assets/sbt_btn_01.tres" id="3_qmned"]
[ext_resource type="Theme" uid="uid://cr4xe36tn530j" path="res://Assets/theme_default.tres" id="3_ytubw"]
[ext_resource type="Script" path="res://GodotWorld/BettingScene/View/BettingWindow.cs" id="4"]
[ext_resource type="Script" path="res://GodotWorld/BettingScene/View/RunnerInformationBoard.cs" id="5"]
[ext_resource type="Texture2D" uid="uid://eeo8n32trdar" path="res://Assets/UI/box_01.png" id="6_3g0wf"]
[ext_resource type="Texture2D" uid="uid://dng2c5rqy71n6" path="res://Assets/UI/ribbon.png" id="7_50unk"]
[ext_resource type="StyleBox" uid="uid://cfxs1mxe2vgfs" path="res://Assets/sbt_box_02.tres" id="9_y5rty"]
[ext_resource type="Texture2D" uid="uid://bky4dsjp65tjg" path="res://Assets/UI/icon_coin.png" id="10_rgk2d"]
[ext_resource type="Script" path="res://GodotWorld/View/WindowStack.cs" id="12_ii0ma"]
[ext_resource type="Texture2D" uid="uid://dxyff7lobnfeh" path="res://Assets/UI/box_03.png" id="12_yvlcr"]
[ext_resource type="StyleBox" uid="uid://bcdqawi7uwcdl" path="res://Assets/sbt_box_04.tres" id="14_c214k"]
[ext_resource type="StyleBox" uid="uid://d0gf5uv2ltr0j" path="res://Assets/sbt_btn_03.tres" id="16_0hmlf"]

[sub_resource type="ImageTexture" id="ImageTexture_w1oul"]

[node name="BettingScene" type="Node"]
script = ExtResource("1")

[node name="CanvasLayer" type="CanvasLayer" parent="."]

[node name="Control" type="Control" parent="CanvasLayer"]
layout_mode = 3
anchors_preset = 15
anchor_right = 1.0
anchor_bottom = 1.0
grow_horizontal = 2
grow_vertical = 2

[node name="TextureRect" type="TextureRect" parent="CanvasLayer/Control"]
layout_mode = 1
anchors_preset = 15
anchor_right = 1.0
anchor_bottom = 1.0
grow_horizontal = 2
grow_vertical = 2
texture = ExtResource("2_7raso")

[node name="BettingButton" type="Button" parent="CanvasLayer/Control"]
layout_mode = 1
anchors_preset = 8
anchor_left = 0.5
anchor_top = 0.5
anchor_right = 0.5
anchor_bottom = 0.5
offset_left = -281.0
offset_top = 504.0
offset_right = -28.0
offset_bottom = 613.0
grow_horizontal = 2
grow_vertical = 2
theme = ExtResource("3_ytubw")
theme_override_colors/font_color = Color(1, 1, 1, 1)
theme_override_colors/font_outline_color = Color(1, 1, 1, 1)
theme_override_constants/outline_size = 3
theme_override_font_sizes/font_size = 30
theme_override_styles/normal = ExtResource("3_qmned")
theme_override_styles/hover = ExtResource("3_qmned")
theme_override_styles/pressed = ExtResource("3_qmned")
theme_override_styles/disabled = ExtResource("3_qmned")
text = "BETTING"
text_overrun_behavior = 3

[node name="StartRaceButton" type="Button" parent="CanvasLayer/Control"]
layout_mode = 1
anchors_preset = 8
anchor_left = 0.5
anchor_top = 0.5
anchor_right = 0.5
anchor_bottom = 0.5
offset_left = 32.0
offset_top = 504.0
offset_right = 285.0
offset_bottom = 613.0
grow_horizontal = 2
grow_vertical = 2
theme = ExtResource("3_ytubw")
theme_override_colors/font_color = Color(1, 1, 1, 1)
theme_override_colors/font_outline_color = Color(1, 1, 1, 1)
theme_override_constants/outline_size = 3
theme_override_font_sizes/font_size = 30
theme_override_styles/normal = ExtResource("3_qkpve")
theme_override_styles/hover = ExtResource("3_qkpve")
theme_override_styles/pressed = ExtResource("3_qkpve")
theme_override_styles/disabled = ExtResource("3_qkpve")
text = "START_RACE"
text_overrun_behavior = 3

[node name="RunnerInformationBoard" type="Control" parent="CanvasLayer/Control"]
custom_minimum_size = Vector2(579, 887)
layout_mode = 1
anchors_preset = 8
anchor_left = 0.5
anchor_top = 0.5
anchor_right = 0.5
anchor_bottom = 0.5
offset_left = -289.5
offset_top = -516.73
offset_right = 289.5
offset_bottom = 370.27
grow_horizontal = 2
grow_vertical = 2
scale = Vector2(1.00232, 1)
script = ExtResource("5")

[node name="Background" type="TextureRect" parent="CanvasLayer/Control/RunnerInformationBoard"]
layout_mode = 1
anchors_preset = 8
anchor_left = 0.5
anchor_top = 0.5
anchor_right = 0.5
anchor_bottom = 0.5
offset_left = -289.5
offset_top = -443.5
offset_right = 289.5
offset_bottom = 443.5
grow_horizontal = 2
grow_vertical = 2
texture = ExtResource("6_3g0wf")

[node name="LanePanel" type="TextureRect" parent="CanvasLayer/Control/RunnerInformationBoard"]
layout_mode = 1
offset_top = 27.0
offset_right = 250.0
offset_bottom = 76.0
scale = Vector2(0.988903, 1)
texture = ExtResource("7_50unk")

[node name="Label" type="Label" parent="CanvasLayer/Control/RunnerInformationBoard/LanePanel"]
layout_mode = 1
anchors_preset = 15
anchor_right = 1.0
anchor_bottom = 1.0
offset_left = 13.535
offset_right = 13.535
grow_horizontal = 2
grow_vertical = 2
theme = ExtResource("3_ytubw")
theme_override_font_sizes/font_size = 30
text = "0번 래인"

[node name="Control" type="Control" parent="CanvasLayer/Control/RunnerInformationBoard"]
layout_mode = 1
anchors_preset = 8
anchor_left = 0.5
anchor_top = 0.5
anchor_right = 0.5
anchor_bottom = 0.5
offset_left = -225.0
offset_top = -270.0
offset_right = 225.0
offset_bottom = 130.0
grow_horizontal = 2
grow_vertical = 2

[node name="RunnerFlatform" type="Node2D" parent="CanvasLayer/Control/RunnerInformationBoard/Control"]
position = Vector2(230, 320)

[node name="NameLabel" type="Label" parent="CanvasLayer/Control/RunnerInformationBoard"]
layout_mode = 1
anchors_preset = 1
anchor_left = 1.0
anchor_right = 1.0
offset_left = -327.084
offset_top = 93.73
offset_right = -34.0845
offset_bottom = 166.73
grow_horizontal = 0
theme = ExtResource("3_ytubw")
theme_override_colors/font_color = Color(0.203922, 0.168627, 0.0588235, 1)
theme_override_colors/font_outline_color = Color(0.203922, 0.168627, 0.0588235, 1)
theme_override_constants/outline_size = 3
theme_override_font_sizes/font_size = 50
text = "000"
horizontal_alignment = 2

[node name="StatContainerA" type="VBoxContainer" parent="CanvasLayer/Control/RunnerInformationBoard"]
custom_minimum_size = Vector2(210, 0)
layout_mode = 1
anchors_preset = 7
anchor_left = 0.5
anchor_top = 1.0
anchor_right = 0.5
anchor_bottom = 1.0
offset_left = -211.5
offset_top = -219.0
offset_right = 2.5
offset_bottom = -49.0
grow_horizontal = 2
grow_vertical = 0
theme_override_constants/separation = 25

[node name="ConditionContainer" type="HBoxContainer" parent="CanvasLayer/Control/RunnerInformationBoard/StatContainerA"]
layout_mode = 2

[node name="Label" type="Label" parent="CanvasLayer/Control/RunnerInformationBoard/StatContainerA/ConditionContainer"]
custom_minimum_size = Vector2(180, 0)
layout_mode = 2
theme = ExtResource("3_ytubw")
theme_override_colors/font_color = Color(0.341176, 0.341176, 0.341176, 1)
theme_override_font_sizes/font_size = 26
text = "CONDITION"
text_overrun_behavior = 3

[node name="ValueLabel" type="Label" parent="CanvasLayer/Control/RunnerInformationBoard/StatContainerA/ConditionContainer"]
layout_mode = 2
theme = ExtResource("3_ytubw")
theme_override_colors/font_color = Color(0, 0, 0, 1)
theme_override_colors/font_outline_color = Color(0, 0, 0, 1)
theme_override_constants/outline_size = 3
theme_override_font_sizes/font_size = 27
text = "99"

[node name="StaminaContainer" type="HBoxContainer" parent="CanvasLayer/Control/RunnerInformationBoard/StatContainerA"]
layout_mode = 2

[node name="Label" type="Label" parent="CanvasLayer/Control/RunnerInformationBoard/StatContainerA/StaminaContainer"]
custom_minimum_size = Vector2(180, 0)
layout_mode = 2
theme = ExtResource("3_ytubw")
theme_override_colors/font_color = Color(0.341176, 0.341176, 0.341176, 1)
theme_override_font_sizes/font_size = 26
text = "STAMINA"
text_overrun_behavior = 3

[node name="ValueLabel" type="Label" parent="CanvasLayer/Control/RunnerInformationBoard/StatContainerA/StaminaContainer"]
layout_mode = 2
theme = ExtResource("3_ytubw")
theme_override_colors/font_color = Color(0, 0, 0, 1)
theme_override_colors/font_outline_color = Color(0, 0, 0, 1)
theme_override_constants/outline_size = 3
theme_override_font_sizes/font_size = 27
text = "99"

[node name="ConcentrationContainer" type="HBoxContainer" parent="CanvasLayer/Control/RunnerInformationBoard/StatContainerA"]
layout_mode = 2

[node name="Label" type="Label" parent="CanvasLayer/Control/RunnerInformationBoard/StatContainerA/ConcentrationContainer"]
custom_minimum_size = Vector2(180, 0)
layout_mode = 2
theme = ExtResource("3_ytubw")
theme_override_colors/font_color = Color(0.341176, 0.341176, 0.341176, 1)
theme_override_font_sizes/font_size = 26
text = "CONCENTRATION"
text_overrun_behavior = 3

[node name="ValueLabel" type="Label" parent="CanvasLayer/Control/RunnerInformationBoard/StatContainerA/ConcentrationContainer"]
layout_mode = 2
theme = ExtResource("3_ytubw")
theme_override_colors/font_color = Color(0, 0, 0, 1)
theme_override_colors/font_outline_color = Color(0, 0, 0, 1)
theme_override_constants/outline_size = 3
theme_override_font_sizes/font_size = 27
text = "99"

[node name="StatContainerB" type="VBoxContainer" parent="CanvasLayer/Control/RunnerInformationBoard"]
custom_minimum_size = Vector2(210, 0)
layout_mode = 1
anchors_preset = 7
anchor_left = 0.5
anchor_top = 1.0
anchor_right = 0.5
anchor_bottom = 1.0
offset_left = 4.3183
offset_top = -218.27
offset_right = 218.318
offset_bottom = -113.27
grow_horizontal = 2
grow_vertical = 0
scale = Vector2(1.00263, 0.995317)
theme_override_constants/separation = 25

[node name="WeightContainer" type="HBoxContainer" parent="CanvasLayer/Control/RunnerInformationBoard/StatContainerB"]
layout_mode = 2

[node name="Label" type="Label" parent="CanvasLayer/Control/RunnerInformationBoard/StatContainerB/WeightContainer"]
custom_minimum_size = Vector2(180, 0)
layout_mode = 2
theme = ExtResource("3_ytubw")
theme_override_colors/font_color = Color(0.341176, 0.341176, 0.341176, 1)
theme_override_font_sizes/font_size = 26
text = "WEIGHT"
text_overrun_behavior = 3

[node name="ValueLabel" type="Label" parent="CanvasLayer/Control/RunnerInformationBoard/StatContainerB/WeightContainer"]
layout_mode = 2
theme = ExtResource("3_ytubw")
theme_override_colors/font_color = Color(0, 0, 0, 1)
theme_override_colors/font_outline_color = Color(0, 0, 0, 1)
theme_override_constants/outline_size = 3
theme_override_font_sizes/font_size = 27
text = "99"

[node name="StrengthContainer" type="HBoxContainer" parent="CanvasLayer/Control/RunnerInformationBoard/StatContainerB"]
layout_mode = 2

[node name="Label" type="Label" parent="CanvasLayer/Control/RunnerInformationBoard/StatContainerB/StrengthContainer"]
custom_minimum_size = Vector2(180, 0)
layout_mode = 2
theme = ExtResource("3_ytubw")
theme_override_colors/font_color = Color(0.341176, 0.341176, 0.341176, 1)
theme_override_font_sizes/font_size = 26
text = "STRENGTH"
text_overrun_behavior = 3

[node name="ValueLabel" type="Label" parent="CanvasLayer/Control/RunnerInformationBoard/StatContainerB/StrengthContainer"]
layout_mode = 2
theme = ExtResource("3_ytubw")
theme_override_colors/font_color = Color(0, 0, 0, 1)
theme_override_colors/font_outline_color = Color(0, 0, 0, 1)
theme_override_constants/outline_size = 2
theme_override_font_sizes/font_size = 27
text = "99"

[node name="OddsLabel" type="Label" parent="CanvasLayer/Control/RunnerInformationBoard"]
layout_mode = 1
anchors_preset = 1
anchor_left = 1.0
anchor_right = 1.0
offset_left = -158.476
offset_top = 503.73
offset_right = -74.4756
offset_bottom = 576.73
grow_horizontal = 0
theme = ExtResource("3_ytubw")
theme_override_colors/font_color = Color(1, 0.909804, 0.121569, 1)
theme_override_colors/font_shadow_color = Color(0.172549, 0.172549, 0.172549, 1)
theme_override_colors/font_outline_color = Color(1, 0.909804, 0.121569, 1)
theme_override_constants/shadow_offset_y = 3
theme_override_constants/outline_size = 3
theme_override_constants/shadow_outline_size = 8
theme_override_font_sizes/font_size = 50
text = "x0"
horizontal_alignment = 2

[node name="CoinContainer" type="PanelContainer" parent="CanvasLayer/Control"]
layout_mode = 1
anchors_preset = 8
anchor_left = 0.5
anchor_top = 0.5
anchor_right = 0.5
anchor_bottom = 0.5
offset_left = 240.0
offset_top = -620.0
offset_right = 337.0
offset_bottom = -572.0
grow_horizontal = 2
grow_vertical = 2
scale = Vector2(1.0044, 0.995455)
theme_override_styles/panel = ExtResource("9_y5rty")

[node name="HBoxContainer" type="HBoxContainer" parent="CanvasLayer/Control/CoinContainer"]
layout_mode = 2

[node name="TextureRect" type="TextureRect" parent="CanvasLayer/Control/CoinContainer/HBoxContainer"]
layout_mode = 2
texture = ExtResource("10_rgk2d")
stretch_mode = 3

[node name="CoinLabel" type="Label" parent="CanvasLayer/Control/CoinContainer/HBoxContainer"]
layout_mode = 2
theme = ExtResource("3_ytubw")
theme_override_font_sizes/font_size = 30
text = "0
"

[node name="BettedCoinContainer" type="HBoxContainer" parent="CanvasLayer/Control"]
visible = false
layout_mode = 1
anchors_preset = 8
anchor_left = 0.5
anchor_top = 0.5
anchor_right = 0.5
anchor_bottom = 0.5
offset_left = -194.0
offset_top = 380.0
offset_right = 194.0
offset_bottom = 453.0
grow_horizontal = 2
grow_vertical = 2
alignment = 1

[node name="TextureRect2" type="TextureRect" parent="CanvasLayer/Control/BettedCoinContainer"]
layout_mode = 2
texture = ExtResource("10_rgk2d")
stretch_mode = 3

[node name="Label" type="Label" parent="CanvasLayer/Control/BettedCoinContainer"]
layout_mode = 2
theme = ExtResource("3_ytubw")
theme_override_font_sizes/font_size = 50
text = "0"

[node name="PrevButton" type="TextureButton" parent="CanvasLayer/Control"]
layout_mode = 1
anchors_preset = 4
anchor_top = 0.5
anchor_bottom = 0.5
offset_top = -85.0
offset_right = 81.0
offset_bottom = 85.0
grow_vertical = 2
texture_normal = ExtResource("2_heayx")
texture_pressed = ExtResource("2_heayx")
texture_hover = ExtResource("2_heayx")
texture_disabled = ExtResource("2_heayx")
texture_focused = ExtResource("2_heayx")

[node name="NextButton" type="TextureButton" parent="CanvasLayer/Control"]
layout_mode = 1
anchors_preset = 6
anchor_left = 1.0
anchor_top = 0.5
anchor_right = 1.0
anchor_bottom = 0.5
offset_left = -81.0
offset_top = -85.0
offset_bottom = 85.0
grow_horizontal = 0
grow_vertical = 2
texture_normal = ExtResource("2_heayx")
texture_pressed = ExtResource("2_heayx")
texture_hover = ExtResource("2_heayx")
texture_disabled = ExtResource("2_heayx")
texture_focused = ExtResource("2_heayx")
flip_h = true

[node name="WindowStack" type="Control" parent="CanvasLayer"]
layout_mode = 3
anchors_preset = 15
anchor_right = 1.0
anchor_bottom = 1.0
grow_horizontal = 2
grow_vertical = 2
mouse_filter = 2
script = ExtResource("12_ii0ma")

[node name="WindowBackground" type="ColorRect" parent="CanvasLayer/WindowStack"]
visible = false
layout_mode = 1
anchors_preset = 15
anchor_right = 1.0
anchor_bottom = 1.0
grow_horizontal = 2
grow_vertical = 2
color = Color(0, 0, 0, 0.301961)

[node name="MessageBox" type="Control" parent="CanvasLayer/WindowStack"]
visible = false
layout_mode = 1
anchors_preset = 8
anchor_left = 0.5
anchor_top = 0.5
anchor_right = 0.5
anchor_bottom = 0.5
offset_left = -298.5
offset_top = -217.0
offset_right = 298.5
offset_bottom = 333.0
grow_horizontal = 2
grow_vertical = 2
script = ExtResource("3")

[node name="Background" type="TextureRect" parent="CanvasLayer/WindowStack/MessageBox"]
layout_mode = 1
anchors_preset = 5
anchor_left = 0.5
anchor_right = 0.5
offset_left = -298.5
offset_right = 298.5
offset_bottom = 434.0
grow_horizontal = 2
texture = ExtResource("12_yvlcr")

[node name="Label" type="Label" parent="CanvasLayer/WindowStack/MessageBox/Background"]
layout_mode = 1
anchors_preset = 8
anchor_left = 0.5
anchor_top = 0.5
anchor_right = 0.5
anchor_bottom = 0.5
offset_left = -89.0
offset_top = -22.0
offset_right = 89.0
offset_bottom = 22.0
grow_horizontal = 2
grow_vertical = 2
theme = ExtResource("3_ytubw")
theme_override_colors/font_color = Color(0, 0, 0, 1)
theme_override_font_sizes/font_size = 28
text = "MessageBox"

[node name="Button" type="Button" parent="CanvasLayer/WindowStack/MessageBox"]
layout_mode = 1
anchors_preset = 7
anchor_left = 0.5
anchor_top = 1.0
anchor_right = 0.5
anchor_bottom = 1.0
offset_left = -126.5
offset_top = -109.0
offset_right = 126.5
grow_horizontal = 2
grow_vertical = 0
theme = ExtResource("3_ytubw")
theme_override_colors/font_color = Color(1, 1, 1, 1)
theme_override_colors/font_outline_color = Color(1, 1, 1, 1)
theme_override_constants/outline_size = 3
theme_override_font_sizes/font_size = 30
theme_override_styles/normal = ExtResource("3_qkpve")
theme_override_styles/hover = ExtResource("3_qkpve")
theme_override_styles/pressed = ExtResource("3_qkpve")
theme_override_styles/disabled = ExtResource("3_qkpve")
text = "OK"
text_overrun_behavior = 3

[node name="BettingWindow" type="Control" parent="CanvasLayer/WindowStack"]
visible = false
layout_mode = 1
anchors_preset = 8
anchor_left = 0.5
anchor_top = 0.5
anchor_right = 0.5
anchor_bottom = 0.5
offset_left = -298.5
offset_top = -217.0
offset_right = 298.5
offset_bottom = 217.0
grow_horizontal = 2
grow_vertical = 2
script = ExtResource("4")

[node name="TextureRect" type="TextureRect" parent="CanvasLayer/WindowStack/BettingWindow"]
layout_mode = 0
offset_right = 40.0
offset_bottom = 40.0
texture = ExtResource("12_yvlcr")

[node name="BettingButton" type="Button" parent="CanvasLayer/WindowStack/BettingWindow"]
layout_mode = 1
anchors_preset = 7
anchor_left = 0.5
anchor_top = 1.0
anchor_right = 0.5
anchor_bottom = 1.0
offset_left = 1.5
offset_top = -154.0
offset_right = 211.5
offset_bottom = -46.0
grow_horizontal = 2
grow_vertical = 0
scale = Vector2(1.00289, 1)
theme_override_colors/font_color = Color(1, 1, 1, 1)
theme_override_colors/font_outline_color = Color(1, 1, 1, 1)
theme_override_constants/outline_size = 3
theme_override_font_sizes/font_size = 30
theme_override_styles/normal = ExtResource("3_qkpve")
theme_override_styles/hover = ExtResource("3_qkpve")
theme_override_styles/pressed = ExtResource("3_qkpve")
theme_override_styles/disabled = ExtResource("3_qkpve")
theme_override_styles/focus = ExtResource("3_qkpve")
text = "BETTING"
text_overrun_behavior = 3

[node name="BettedCoinPanel" type="Panel" parent="CanvasLayer/WindowStack/BettingWindow"]
layout_mode = 1
anchors_preset = 8
anchor_left = 0.5
anchor_top = 0.5
anchor_right = 0.5
anchor_bottom = 0.5
offset_left = -230.5
offset_top = -149.0
offset_right = 229.5
offset_bottom = -22.0
grow_horizontal = 2
grow_vertical = 2
theme_override_styles/panel = ExtResource("14_c214k")

[node name="Label" type="Label" parent="CanvasLayer/WindowStack/BettingWindow/BettedCoinPanel"]
layout_mode = 1
anchors_preset = 15
anchor_right = 1.0
anchor_bottom = 1.0
grow_horizontal = 2
grow_vertical = 2
theme = ExtResource("3_ytubw")
theme_override_colors/font_color = Color(1, 1, 0, 1)
theme_override_font_sizes/font_size = 60
text = "0000"
horizontal_alignment = 1
vertical_alignment = 1

[node name="SpinBox" type="SpinBox" parent="CanvasLayer/WindowStack/BettingWindow"]
modulate = Color(1, 1, 1, 0)
layout_mode = 0
offset_left = 68.0
offset_top = 68.0
offset_right = 527.0
offset_bottom = 194.0
theme_override_icons/updown = SubResource("ImageTexture_w1oul")
max_value = 999999.0
step = 0.0

[node name="CancelButton" type="Button" parent="CanvasLayer/WindowStack/BettingWindow"]
layout_mode = 1
anchors_preset = 7
anchor_left = 0.5
anchor_top = 1.0
anchor_right = 0.5
anchor_bottom = 1.0
offset_left = -208.5
offset_top = -154.0
offset_right = 1.5
offset_bottom = -46.0
grow_horizontal = 2
grow_vertical = 0
theme_override_colors/font_color = Color(1, 1, 1, 1)
theme_override_colors/font_outline_color = Color(1, 1, 1, 1)
theme_override_constants/outline_size = 3
theme_override_font_sizes/font_size = 30
theme_override_styles/normal = ExtResource("16_0hmlf")
theme_override_styles/hover = ExtResource("16_0hmlf")
theme_override_styles/pressed = ExtResource("16_0hmlf")
theme_override_styles/disabled = ExtResource("16_0hmlf")
theme_override_styles/focus = ExtResource("16_0hmlf")
text = "CANCEL"
text_overrun_behavior = 3
